[Event "Arona Festival 2024"]
[Site "Arona Tenerife"]
[Date "2024.06.28"]
[Round "8.8"]
[White "Stremavicius, Titas"]
[Black "Prraneeth Vuppala"]
[Result "1-0"]
[ECO "D37"]
[WhiteElo "2538"]
[BlackElo "2436"]
[Annotator "TA"]
[PlyCount "127"]
[EventDate "2024.06.20"]
[EventType "swiss"]
[EventCountry "ESP"]
[SourceTitle "playchess.com"]
[Source "ChessBase"]
[SourceQuality "1"]
[TimeControl "5400+30"]

1. d4 d5 2. c4 e6 3. Nc3 h6 4. Nf3 Nf6 5. g3 Bd6 6. Bg2 {[%emt 0:01:48] D37: Queen's Gambit Declined: 5 Bf4.} O-O 7. O-O Nc6 8. b3 Re8 9. Bb2 dxc4 10. bxc4 e5 11. Nd5 exd4 12. Nxd4 Nxd4 13. Bxd4 Be5 $146 ({Predecessor:} 13... Ng4 14. c5 Be5 15. Bxe5 Nxe5 16. Rb1 Rb8 17. Qa4 Bd7 18. Qf4 c6 19. Nc3 Qa5 {½-½ Ohanyan,E (2405)-Gavrilescu,D (2527) EU-ch 23rd Vrnjacka Banja 2023 (7)}) 14. e3 c6 15. Bxe5 Rxe5 16. Qd4 Re8 17. Nxf6+ Qxf6 18. Qxf6 gxf6 19. Rab1 Re7 20. Rfd1 Be6 21. Rd4 Kg7 22. a4 c5 23. Rd6 (23. Rxb7 $2 Rxb7 24. Bxb7 Rb8 $19) (23. Bxb7 $2 Rb8 $19 (23... Rxb7 $2 24. Rxb7 cxd4 25. exd4 $19) (23... Rxb7 $2 24. Rxb7 cxd4 25. exd4 $19)) 23... Rb8 24. Bd5 Bxd5 (24... Rd7 $14 25. Rxd7 Bxd7) 25. Rxd5 $16 (25. cxd5 $6 c4 $11) 25... Rc8 26. Rd6 (26. Kf1 $16) 26... Rcc7 $14 27. a5 Re4 28. Rc1 Re6 29. Rxe6 fxe6 30. Rb1 f5 31. Kg2 Kf6 32. Kf3 h5 33. h3 Rd7 34. Rb5 Rc7 35. Kf4 a6 36. Rb6 Rd7 37. g4 hxg4 38. hxg4 fxg4 39. Kxg4 Rg7+ 40. Kf4 Rg2 41. Kf3 (41. Rxb7 $6 Rxf2+ 42. Ke4 Rc2 $11) 41... Rg7 42. Ke4 ({White should play} 42. e4 $1 $16) 42... Rg2 $1 $11 43. f4 Rc2 44. Kd3 Ra2 45. e4 Ra3+ 46. Ke2 Rxa5 47. f5 Ra4 $2 (47... Ra2+ $11 {and Black is okay.} 48. Ke3 Kg5) 48. Rxe6+ $18 Kg5 49. f6 $1 Ra2+ 50. Ke3 Ra3+ {[%emt 0:00:09] [#]} 51. Kd2 $1 Ra2+ 52. Kd3 Ra3+ {[%emt 0:00:03] [#]} 53. Kc2 $1 b5 $2 (53... Ra2+ 54. Kb1 Rf2) 54. e5 $18 Rf3 55. cxb5 $2 (55. Rxa6 Kf5 $11) (55. Re8 $18) 55... axb5 $11 56. Re8 b4 $2 (56... Kg6 $11) 57. Rg8+ Kh6 58. e6 c4 59. f7 b3+ 60. Kb2 Rf2+ 61. Kc3 b2 62. Rg1 ({Weaker is} 62. f8=R b1=Q 63. Rxf2 (63. Rh8+ Kg5 $11) 63... Qe1+ 64. Rd2 Qc1+ 65. Rc2 Qe1+ 66. Kxc4 Kh7 $11 (66... Qxe6+ 67. Kd4 $11)) 62... b1=Q 63. Rxb1 Kg7 64. Rb8 1-0

[Event "Arona Festival 2024"]
[Site "Arona Tenerife"]
[Date "2024.06.28"]
[Round "8.9"]
[White "Pantsulaia, Levan"]
[Black "Kochavi, Ori"]
[Result "1/2-1/2"]
[ECO "E17"]
[WhiteElo "2535"]
[BlackElo "2394"]
[Annotator "TA"]
[PlyCount "93"]
[EventDate "2024.06.20"]
[EventType "swiss"]
[EventCountry "ESP"]
[SourceTitle "playchess.com"]
[Source "ChessBase"]
[SourceQuality "1"]
[TimeControl "5400+30"]

1. Nf3 Nf6 2. g3 b6 3. Bg2 Bb7 4. O-O e6 5. c4 Be7 6. Nc3 O-O 7. Re1 d5 8. cxd5 exd5 9. d4 Nbd7 10. Bf4 c5 11. Rc1 Ne4 12. Nxe4 dxe4 13. Nd2 Nf6 14. Nb3 cxd4 15. Qxd4 Rc8 16. Qxd8 Rfxd8 17. Bh3 Rxc1 18. Rxc1 Nd5 {[%emt 0:07:10] Dodges Rc7} 19. Bc7 Rf8 ({But not} 19... Nxc7 $2 20. Rxc7 Rd1+ 21. Bf1 $18 (21. Kg2 Bd5 $18)) 20. Be5 g6 21. e3 Rd8 22. a3 f6 23. Be6+ Kf8 24. Bd4 Rd6 25. Bc8 Bxc8 26. Rxc8+ Rd8 27. Rc2 Rd7 28. Nd2 f5 29. Be5 Kf7 30. Nb3 Rd8 31. Nd4 a5 32. h3 Bc5 33. Nb3 Ke6 34. Bd4 Bd6 35. g4 a4 36. Nd2 b5 37. f3 exf3 38. Nxf3 Kd7 39. gxf5 gxf5 40. Rg2 Re8 41. Kf2 f4 42. Rg7+ Kc6 43. exf4 (43. Rxh7 $2 {too greedy.} fxe3+ (43... Nxe3 44. Rh5 $11) 44. Kf1 Nf4 $19) 43... Nxf4 44. Rxh7 Re2+ 45. Kf1 Kd5 46. Bc3 Bc5 {[%emt 0:01:21][%mdl 1024] [#] ...Rf2+ would now be deadly. Black has compensation.} 47. Rd7+ {[%emt 0:00:16] A rather calm draw.   Weighted Error Value: White=0.05 (flawless) /Black=0.05 (flawless) .  Inaccurate:     	White=2     	Black=1      OK:         	White=11    	Black=18     Best:        	White=1     	Black=1} 1/2-1/2

[Event "Arona Festival 2024"]
[Site "Arona Tenerife"]
[Date "2024.06.29"]
[Round "9.1"]
[White "Xue, Haowen"]
[Black "Stremavicius, Titas"]
[Result "1-0"]
[ECO "E05"]
[WhiteElo "2452"]
[BlackElo "2538"]
[Annotator "TA"]
[PlyCount "75"]
[EventDate "2024.06.20"]
[EventType "swiss"]
[EventCountry "ESP"]
[SourceTitle "playchess.com"]
[Source "ChessBase"]
[SourceQuality "1"]
[TimeControl "5400+30"]

1. c4 e6 2. g3 Nf6 3. Bg2 d5 4. Nf3 Be7 5. O-O O-O 6. d4 dxc4 7. Ne5 c5 8. dxc5 Qc7 9. Nxc4 Rd8 10. Qc2 Qxc5 {[%emt 0:05:16] The position is equal.} 11. Be3 Qh5 12. Rd1 Rxd1+ 13. Qxd1 Nc6 14. Nc3 e5 15. Nd5 {[%emt 0:01:07] White is more active.} Nxd5 16. Bxd5 Nb4 17. Bf3 Bg4 18. Bxg4 ({Much weaker is} 18. Bxb7 Rd8 19. Qb3 Bxe2 $14) 18... Qxg4 19. Nxe5 Qe6 20. Nd3 Rd8 21. Qa4 Nxd3 22. exd3 a6 23. Qe4 Qd7 24. Rc1 Bf6 25. Bb6 Rc8 26. Rxc8+ Qxc8 $16 {[%emt 0:00:03][%mdl 4096] Endgame. KQB-KQB} 27. b4 Qd7 28. d4 g6 (28... Qe7 $16 29. Qxe7 Bxe7) 29. d5 h5 30. Kg2 Kg7 31. h4 Bc3 (31... Kg8 $142 32. Qd3 Be5) 32. Qc4 {[%emt 0:03:49] White has a decisive advantage.} Be5 33. Bd4 Qf5 {[%emt 0:02:37] [#] And now ...Qe4+ would win.} 34. Bxe5+ Qxe5 35. Qd3 {[%emt 0:00:19] Strongly threatening d6.} Kf8 36. d6 {[%emt 0:02:53][%cal Bd5d6,Bd6d7][%mdl 32] White wants to mate with d7.} Ke8 37. d7+ Kd8 38. Qf3 $1 {[%emt 0:00:14][%csl LRb7,LRf7] Weighted Error Value: White=0.06 (flawless) /Black=0.16 (very precise) .  Mistake:       	---       	Black=2      Inaccurate:     	White=1     	Black=5      OK:         	White=17    	Black=6      Best:        	White=1     	Black=1} 1-0

[Event "Arona Festival 2024"]
[Site "Arona Tenerife"]
[Date "2024.06.29"]
[Round "9.2"]
[White "Kazakouski, Valery"]
[Black "David, Alberto"]
[Result "1/2-1/2"]
[ECO "B48"]
[WhiteElo "2603"]
[BlackElo "2502"]
[Annotator "TA"]
[PlyCount "129"]
[EventDate "2024.06.20"]
[EventType "swiss"]
[EventCountry "ESP"]
[SourceTitle "playchess.com"]
[Source "ChessBase"]
[SourceQuality "1"]
[TimeControl "5400+30"]

1. e4 c5 2. Nf3 e6 3. d4 cxd4 4. Nxd4 Nc6 5. Nc3 Qc7 6. Be3 a6 7. Qf3 {[%emt 0:00:26] B48: Sicilian: Taimanov: 5 Nc3 Qc7 6 Be3 a6 without Be2.} Nf6 8. O-O-O Ne5 9. Qg3 b5 10. f4 Neg4 11. Bd2 b4 12. Na4 h5 13. Bd3 Bb7 14. h3 Nh6 15. Qe1 Be7 16. Kb1 Rb8 17. Rf1 $146 ({Predecessor:} 17. Rg1 h4 18. b3 Nh5 19. Qe3 Ng3 20. Ne2 Nxe2 21. Qxe2 a5 22. Be3 Bc6 23. g4 hxg3 24. Rxg3 Bxa4 25. bxa4 {1-0 Galperin,P (2383)-Tugstumur,Y (2295) Novi Sad TS IM 103rd 2019 (7)}) 17... g6 18. f5 gxf5 19. Bf4 e5 20. Bxh6 Rxh6 21. Nxf5 Rg6 22. Nxe7 Kxe7 23. Qxb4+ d6 24. Rf5 Bc8 25. Rxe5+ Kf8 26. Qa5 Qxa5 27. Rxa5 Rxg2 28. Bf1 Rg1 29. Nc3 Rh1 30. Kc1 (30. Bxa6 $6 Rxd1+ 31. Nxd1 Ra8 32. Bxc8 (32. e5 dxe5 33. Bxc8 Rxa5 $17) 32... Rxa5 $11) 30... h4 31. Bg2 (31. Bxa6 $6 Rxd1+ 32. Nxd1 Ra8 33. Bxc8 (33. e5 $2 dxe5 34. Bxc8 Rxa5 $19) 33... Rxa5 $11) 31... Rh2 32. Rxd6 (32. Rg1 $14) 32... Rxg2 $11 33. Rxf6 Rg1+ 34. Kd2 Rxb2 35. Ne2 Rg2 36. Rh6 Bxh3 37. Rxh4 (37. Rhxa6 $2 {perishes.} Rb1 38. Rh6 Bg4 39. Rh8+ Kg7 40. Rxh4 Bxe2 $19 (40... Rxe2+ $2 41. Kc3 $19)) 37... Be6 38. a3 {[%emt 0:09:05] [#]} (38. Rxa6 $2 Rxe2+ (38... Bxa2 39. Ra8+ Kg7 40. Kd3 $14) 39. Kxe2 Bc4+ (39... Rxc2+ 40. Kd3 $11) 40. Kd2 Bxa6 $19) (38. Kd3 $11) 38... Bb3 (38... Rb1 $1 $17 {aiming for ...Bc4.} 39. e5 (39. Rxa6 $2 Bc4 $19) 39... Bg4 40. Rxg4 Rxg4 41. Rxa6 Rf1) 39. Kc3 $11 (39. Rxa6 $2 {loses.} Rxc2+ 40. Ke3 Rcxe2+ $19 (40... Rgxe2+ $2 41. Kd4 $19)) 39... Rxc2+ 40. Kxb3 Rgxe2 41. Rxa6 Rc7 42. Ra8+ Ke7 43. Ra5 Re1 44. Re5+ Kf6 45. Rf5+ Kg7 46. Rg5+ Kf6 47. Rf5+ Kg7 48. Rf3 Rb7+ 49. Kc3 Ra7 50. Kd4 Ra1 51. Rhh3 Ra4+ 52. Ke5 Ra5+ 53. Kf4 Kf6 54. Rb3 Ra4 55. Rb6+ Kg7 56. Rg3+ Kf8 57. Rbb3 Re1 58. Rge3 Rh1 59. Ke5 Rh5+ 60. Kd6 Ra6+ 61. Kd7 Ra7+ 62. Kc6 Ra6+ 63. Kb7 Rha5 64. Rg3 Ra7+ 65. Kc6 1/2-1/2

[Event "Arona Festival 2024"]
[Site "Arona Tenerife"]
[Date "2024.06.29"]
[Round "9.3"]
[White "Gorshtein, Ido"]
[Black "Royal, Shreyas"]
[Result "1/2-1/2"]
[ECO "A16"]
[WhiteElo "2563"]
[BlackElo "2483"]
[Annotator "TA"]
[PlyCount "59"]
[EventDate "2024.06.20"]
[EventType "swiss"]
[EventCountry "ESP"]
[SourceTitle "playchess.com"]
[Source "ChessBase"]
[SourceQuality "1"]
[TimeControl "5400+30"]

1. c4 Nf6 2. Nf3 g6 3. Nc3 Bg7 4. e4 e5 5. Nxe5 O-O 6. Nf3 Re8 7. d3 d5 8. Be3 {[%emt 0:02:03] White is slightly better.} c6 9. e5 $1 Ng4 10. d4 f6 11. cxd5 fxe5 12. dxe5 Nxe3 13. fxe3 Nd7 14. dxc6 Nxe5 15. Qxd8 (15. Nxe5 {simplifies} Bxe5 16. Qxd8 Rxd8 17. Bc4+) 15... Rxd8 16. c7 (16. Nxe5 {simplifies} Bxe5 17. Bc4+ Kh8 18. Rd1) 16... Rd7 17. Nxe5 Bxe5 {[%emt 0:00:02] [#]} 18. Nd5 $1 Kg7 (18... Rxd5 $2 {loses.} 19. Bc4 Be6 20. Bxd5 Bxd5 21. O-O-O $18) (18... Rf7 19. Bc4) 19. Rd1 Rf7 20. Be2 Bxc7 21. Nxc7 Rxc7 22. O-O {[%emt 0:08:04] aiming for Rd8.} Be6 23. b3 Rc2 {[%emt 0:07:32] [#]} 24. Bc4 Bxc4 25. bxc4 $14 {[%emt 0:00:37] KRR-KRR} Re8 26. Rd7+ Kg8 27. Rff7 ({White should play} 27. Rfd1 $16) 27... Rxe3 $11 28. Kf1 {[%emt 0:01:44] Against Re1+. Rg7+ is the strong threat.} Ree2 29. Rxb7 Red2 30. Ke1 {[%emt 0:02:10] Prevents Rd1+.   Weighted Error Value: White=0.10 (very precise) /Black=0.05 (flawless) .  Mistake:       	White=1     	---        Inaccurate:     	White=2     	Black=2      OK:         	White=11    	Black=8      Best:        	White=1     	Black=3      Strong:       	White=1     	---        Brilliant:      	White=1     	---} (30. Rxa7 $2 Rd1#) 1/2-1/2

[Event "Arona Festival 2024"]
[Site "Arona Tenerife"]
[Date "2024.06.29"]
[Round "9.4"]
[White "Balakrishnan, Praveen"]
[Black "Zhao, Yuanhe"]
[Result "0-1"]
[ECO "D90"]
[WhiteElo "2510"]
[BlackElo "2463"]
[Annotator "TA"]
[PlyCount "82"]
[EventDate "2024.06.20"]
[EventType "swiss"]
[EventCountry "ESP"]
[SourceTitle "playchess.com"]
[Source "ChessBase"]
[SourceQuality "1"]
[TimeControl "5400+30"]

1. d4 Nf6 2. c4 g6 3. Nc3 d5 4. cxd5 Nxd5 5. e4 Nxc3 6. bxc3 Bg7 7. Qa4+ c6 8. Nf3 O-O 9. Qa3 Bg4 10. Bg5 Re8 {[%emt 0:01:39] The position is equal.} 11. Be2 Qc7 12. e5 c5 13. O-O Nd7 14. h3 Be6 15. Be3 Bd5 16. Nd2 a6 17. f4 e6 (17... c4 $5) 18. dxc5 Bf8 19. c4 Bc6 20. Bd4 a5 21. Rab1 Red8 22. Rfd1 a4 23. Bf3 Bxf3 24. Qxf3 Bxc5 25. Bxc5 (25. Qxb7 $2 {perishes.} Bxd4+ 26. Kf1 Qxb7 27. Rxb7 Be3 $19 (27... Nc5 $2 28. Rb5 $19)) 25... Nxc5 26. Ne4 Nxe4 27. Qxe4 Rxd1+ 28. Rxd1 Rd8 29. Rxd8+ Qxd8 $11 {[%emt 0:00:04][%mdl 4096] Endgame. KQ-KQ} 30. c5 a3 31. Qb4 {[%emt 0:02:47] Dodges Qd2} (31. Qxb7 $11 {keeps the balance.} Qd4+ 32. Kh1) 31... Qd3 $17 32. Kh2 (32. Qe1 $17 {was called for.}) 32... Qe3 $19 33. Qc4 (33. Kh1 {was worth a try.}) 33... Qf2 (33... Kg7 $19 34. Kh1 Qf2) 34. Kh1 {[%emt 0:00:54] Now White is beyond hope.} (34. Qb4 $17) 34... Kg7 35. Qb3 $2 {[%emt 0:00:44] [#]} (35. Kh2) 35... Qf1+ (35... Qxf4 36. Qxa3 Qd4 (36... Qxe5 37. Qb4 $15) 37. Qc1 $17) 36. Kh2 Qxf4+ 37. Kh1 Qc1+ ({Weaker is} 37... Qxe5 38. Qxa3 Qd4 39. Qb3 $17) 38. Kh2 Qxc5 39. Qxb7 Qxe5+ 40. Kh1 Qa1+ 41. Kh2 Qxa2 {[%emt 0:00:04] Weighted Error Value: White=0.84/Black=0.09 (flawless) .  Mistake:       	White=5     	Black=1      Inaccurate:     	White=4     	Black=1      OK:         	White=7     	Black=11     Best:        	White=1     	Black=2} 0-1

[Event "Arona Festival 2024"]
[Site "Arona Tenerife"]
[Date "2024.06.29"]
[Round "9.5"]
[White "Paichadze, Luka"]
[Black "Albornoz Cabrera, Carlos Daniel"]
[Result "1/2-1/2"]
[ECO "B53"]
[WhiteElo "2504"]
[BlackElo "2614"]
[Annotator "TA"]
[PlyCount "78"]
[EventDate "2024.06.20"]
[EventType "swiss"]
[EventCountry "ESP"]
[SourceTitle "playchess.com"]
[Source "ChessBase"]
[SourceQuality "1"]
[TimeControl "5400+30"]

1. e4 c5 2. Nf3 d6 3. d4 cxd4 4. Qxd4 Nf6 5. Bg5 Nc6 6. Bb5 e6 7. Nc3 Bd7 8. Qd3 a6 9. Bxc6 Bxc6 10. O-O-O Be7 11. Nd4 Rc8 12. f4 O-O 13. Qg3 Qc7 14. Rhe1 Rfd8 ({Black should try} 14... b5 $1 $11) 15. a3 $14 {[%emt 0:10:27] White is slightly better.} b5 16. f5 Bd7 17. fxe6 fxe6 18. e5 dxe5 19. Rxe5 Be8 20. Rxe6 Bd6 21. Qe3 Bg6 22. Rd2 Bc5 23. Bxf6 gxf6 24. Rxf6 Re8 {[%emt 0:04:31] Prevents Qe6+} 25. Re6 {[%emt 0:00:41] Hoping for Nd5.} Qxh2 26. b4 Bf8 {[%emt 0:02:29] This pair of bishops is nice.} 27. Nf5 {[%emt 0:04:15] Prevents Bh6. And now Nd5 would win.} Qh5 {[%emt 0:07:44] [#]} (27... Rxc3 $11 28. Rxg6+ hxg6 29. Qxe8 gxf5 30. Qg6+ Kh8) 28. g4 {[%emt 0:04:42] Chess con chili. White has more active pieces.} Qxg4 $11 {[%emt 0:00:19] The position is equal.} 29. Rxe8 Rxe8 30. Nh6+ Bxh6 31. Qxh6 a5 32. Nd5 (32. bxa5 b4 33. Nd5 Re1+ 34. Kb2 bxa3+ 35. Kb3 (35. Kxa3 $2 Qc4 $19) 35... Qf3+ 36. Ka2 Qf1 37. Kxa3 Qc4 38. Nf6+ Kf7 39. Rd7+ Kxf6 $19) 32... Qf3 {[%emt 0:00:32] Prevents Nf6+} 33. Kb2 (33. bxa5 {leads to mate.} Qxa3+ 34. Kb1 Re1+ (34... Qxa5 35. Nf6+ Kf7 36. Nxe8 $16) (34... Qxa5 35. Nf6+ Kf7 36. Nxe8 $16)) 33... axb4 34. axb4 Ra8 35. Qe3 Qxe3 36. Nxe3 Re8 37. Nd5 Kg7 {[%emt 0:00:23] Wards off Nf6} 38. c4 bxc4 39. Kc3 Re1 {[%emt 0:01:33] Weighted Error Value: White=0.06 (flawless) /Black=0.08 (flawless) .  Mistake:       	White=1     	Black=2      Inaccurate:     	White=1     	---        OK:         	White=18    	Black=15     Best:        	White=1     	Black=3} 1/2-1/2

[Event "Arona Festival 2024"]
[Site "Arona Tenerife"]
[Date "2024.06.29"]
[Round "9.6"]
[White "Raja Rithvik R"]
[Black "Peralta, Fernando"]
[Result "1/2-1/2"]
[ECO "A14"]
[WhiteElo "2511"]
[BlackElo "2562"]
[Annotator "TA"]
[PlyCount "94"]
[EventDate "2024.06.20"]
[EventType "swiss"]
[EventCountry "ESP"]
[SourceTitle "playchess.com"]
[Source "ChessBase"]
[SourceQuality "1"]
[TimeControl "5400+30"]

1. c4 e6 2. g3 d5 3. Bg2 Nf6 4. Nf3 Be7 5. O-O O-O 6. b3 Nc6 7. cxd5 exd5 8. Bb2 Re8 9. d3 Bg4 10. h3 Bh5 11. Nbd2 Bd6 12. Re1 h6 13. a3 a5 14. Qc2 Bg6 15. e4 dxe4 16. dxe4 Qe7 17. Qc1 {[%emt 0:16:04] [#] Hoping for e5.} Bc5 (17... Nxe4 $2 {loses.} 18. Nh4 $18) 18. Nh4 Bh7 19. Bxf6 gxf6 20. Nc4 Nd4 (20... Ne5 {looks sharper.} 21. Nf5 Bxf2+ 22. Kxf2 Nd3+) 21. Qc3 (21. Qd1 $11) 21... Rad8 22. Ne3 c6 {[%emt 0:02:49] Dodges Nd5} 23. Ng4 h5 $1 (23... Bxa3 $2 {is the wrong capture.} 24. Rxa3 (24. Qxa5 Bc5 $11) (24. Nxh6+ Kf8 $11) 24... Qxa3 25. Nxf6+ (25. Nxh6+ $2 Kf8 $19) 25... Kf8 26. Nxh7+ Kg7 27. Nf5+ Kxh7 28. Nxd4 $18) 24. Nh6+ Kg7 25. N6f5+ Bxf5 26. Nxf5+ Nxf5 27. exf5 Qd6 {[%emt 0:00:52] And now ...Bd4 would win.} 28. Qf3 Qd2 {[%emt 0:01:58] White is weak on the dark squares} 29. Red1 Qb2 (29... Qc2 $15 30. Rdc1 Qb2) 30. b4 (30. Bf1 $1 $11) 30... axb4 $15 (30... Rxd1+ {feels hotter.} 31. Rxd1 axb4 32. axb4 Qxb4 33. Qxh5 Re1+) 31. axb4 Qxb4 32. Qxh5 Rd2 33. Rxd2 Qxd2 34. Qf3 {[%emt 0:01:03] [#]} (34. Qg4+ $11 {and White has nothing to worry.} Kh7 35. Rf1) 34... Re1+ $2 (34... Bxf2+ $1 $19 35. Qxf2 Re2) 35. Rxe1 $11 Qxe1+ {[%emt 0:00:03][%mdl 4096] Endgame. KQB-KQB} 36. Bf1 b5 37. Kg2 b4 38. Qe2 Qc3 (38... Qb1 $5) 39. Qc4 Qe5 40. Bd3 Qd6 41. Be4 Ba7 {[%emt 0:00:29] The position is equal.} 42. Qxc6 Qd4 43. Qc2 b3 44. Qe2 b2 45. Bb1 Qd5+ 46. Qe4 Qd2 47. Qc2 Qc1 {[%emt 0:00:25] Weighted Error Value: White=0.14 (very precise) /Black=0.11 (very precise) .  Loses game:     	White=1     	---        Missed win:     	---       	Black=1      Mistake:       	White=2     	Black=1      Inaccurate:     	White=2     	Black=3      OK:         	White=21    	Black=20     Best:        	White=3     	---        Strong:       	---       	Black=1} 1/2-1/2

[Event "Arona Festival 2024"]
[Site "Arona Tenerife"]
[Date "2024.06.29"]
[Round "9.7"]
[White "Socko, Bartosz"]
[Black "Martinez Ramirez, Lennis"]
[Result "1-0"]
[ECO "D78"]
[WhiteElo "2556"]
[BlackElo "2449"]
[Annotator "RC"]
[PlyCount "67"]
[EventDate "2024.06.20"]
[EventType "swiss"]
[EventCountry "ESP"]
[SourceTitle "playchess.com"]
[Source "ChessBase"]
[SourceQuality "1"]
[TimeControl "5400+30"]

1. d4 Nf6 2. Nf3 g6 3. c4 Bg7 4. g3 c6 5. Bg2 d5 6. O-O O-O 7. Qb3 a5 8. Bf4 a4 9. Qb4 dxc4 10. Qxc4 Bg4 11. Rd1 Nbd7 12. Nc3 Nb6 13. Qd3 Bxf3 14. Bxf3 Nfd5 15. Bg5 h6 16. Bc1 a3 17. bxa3 Nxc3 18. Qxc3 e5 19. Be3 Na4 20. Qb4 exd4 21. Bxd4 Bxd4 22. Rxd4 Qf6 23. Rc1 Qg5 24. Rf4 Ra7 25. h4 Qa5 26. Qd4 c5 27. Qd5 b5 28. h5 Rd8 29. Qe5 Qd2 30. Rb1 Nc3 31. hxg6 Nxb1 32. gxf7+ Rxf7 33. Rxf7 Qd4 34. Qf5 1-0

[Event "Arona Festival 2024"]
[Site "Arona Tenerife"]
[Date "2024.06.29"]
[Round "9.8"]
[White "Bilguun, Sumiya"]
[Black "Sankalp Gupta"]
[Result "1/2-1/2"]
[ECO "B30"]
[WhiteElo "2466"]
[BlackElo "2552"]
[Annotator "TA"]
[PlyCount "95"]
[EventDate "2024.06.20"]
[EventType "swiss"]
[EventCountry "ESP"]
[SourceTitle "playchess.com"]
[Source "ChessBase"]
[SourceQuality "1"]
[TimeControl "5400+30"]

1. e4 c5 2. Nc3 Nc6 3. Bb5 Nd4 4. Nf3 e6 5. Bc4 Nf6 6. O-O a6 7. d3 {[%emt 0:11:42] B30: Sicilian: 2...Nc6 3 Bb5, lines without ...g6.} b5 8. Bb3 Nxf3+ 9. Qxf3 Bb7 10. Re1 Rc8 $146 ({Predecessor:} 10... d6 11. Bg5 Be7 12. a3 O-O 13. Ne2 Nd7 14. Bd2 Bf6 15. Rab1 Ne5 16. Qh3 d5 {0-1 Truhina,A-Adamova,T (1924) RUS-ch U26 (Women) 2012 (1)}) 11. Qg3 d6 12. Bd2 h5 13. a3 h4 14. Qh3 Be7 15. f4 O-O 16. f5 (16. Qxh4 $2 Nxe4 $19) (16. Rad1 $11) 16... c4 17. Ba2 exf5 18. Qxf5 d5 19. e5 g6 20. Qf3 $2 (20. Qf2 $11 {and White is okay.} Ne4 (20... Ng4 21. Qf4 $11) 21. Nxe4 (21. dxe4 $2 Bc5 $19) 21... dxe4 22. dxe4) 20... Qb6+ $19 21. Kh1 d4 22. Ne4 Bxe4 23. dxe4 Nd7 24. Bf4 Qe6 25. Qf2 (25. b3 $142) 25... Nxe5 26. Qxd4 Ng4 27. h3 (27. Qd2 {was called for.}) 27... Rfd8 $19 28. Qc3 Nf2+ 29. Kh2 Nxe4 30. Qe5 Nc5 31. Rad1 Bd6 32. Qg5 ({Much weaker is} 32. Rxd6 Rxd6 33. Qc3 Qd7 (33... Ne4 $2 34. Rxe4 Qxe4 35. Bxd6 $19) 34. Bxd6 Qxd6+ 35. Kh1 Na4 $19) 32... Bxf4+ 33. Qxf4 Rxd1 34. Rxd1 Qe7 35. b3 Ne6 36. Qd6 Qb7 ({Black should play} 36... Qg5 $19 37. Qxa6 Rf8) 37. Qe5 $17 Qe7 (37... Rc5 $17 38. Rd8+ Nxd8 39. Qxc5 Qb8+ 40. Kg1 Ne6) 38. bxc4 $2 (38. Qd6 $1 $11 Qg5 39. Qxa6) 38... Qxa3 $19 39. cxb5 Qxa2 40. b6 {[%emt 0:00:04] [#]} Rxc2 $2 (40... Qa3 $1 $19 41. b7 Qg3+ (41... Rxc2 $2 {too greedy.} 42. b8=Q+ Nf8 43. Qed6 $18) 42. Qxg3 hxg3+ 43. Kxg3 Rf8 (43... Rxc2 $2 {is the wrong capture.} 44. b8=Q+ Kg7 45. Rd7 $18) (43... Rb8 $2 44. Ra1 $19)) 41. b7 $17 Rxg2+ 42. Kh1 Rb2 43. b8=Q+ Rxb8 44. Qxb8+ Kh7 45. Rf1 (45. Qb4 $17) 45... Nd4 $19 46. Qe5 Nf5 47. Kg1 Qb3 $2 (47... Ng3 $19 48. Rd1 Qc4) 48. Rxf5 $1 1/2-1/2

[Event "Arona Festival 2024"]
[Site "Arona Tenerife"]
[Date "2024.06.29"]
[Round "9.9"]
[White "Goutham Krishna H"]
[Black "Pantsulaia, Levan"]
[Result "1/2-1/2"]
[ECO "A40"]
[WhiteElo "2324"]
[BlackElo "2535"]
[Annotator "TA"]
[PlyCount "89"]
[EventDate "2024.06.20"]
[EventType "swiss"]
[EventCountry "ESP"]
[SourceTitle "playchess.com"]
[Source "ChessBase"]
[SourceQuality "1"]
[TimeControl "5400+30"]

1. Nf3 c5 2. c4 g6 3. d4 Bg7 4. e4 Nc6 5. d5 Nd4 6. Nxd4 cxd4 7. Nd2 {[%emt 0:08:52] A40: Unusual replies to 1 d4.} d6 8. Nb3 Nf6 $146 ({Predecessor:} 8... Qb6 9. a4 a5 10. c5 dxc5 11. Bb5+ Bd7 12. Bxd7+ Kxd7 13. Nd2 Nf6 14. O-O Rhd8 {1-0 Dimitrov,R (2494)-Enchev,I (2470) BUL-ch 80th Pleven 2016 (4)}) 9. Qxd4 O-O 10. Be2 e6 11. Qd3 exd5 12. exd5 Re8 13. O-O Bg4 14. Be3 Qd7 ({Better is} 14... b5 $11) 15. Rfe1 Bxe2 16. Rxe2 Ng4 17. Bd4 Rxe2 18. Qxe2 Re8 19. Qd2 Ne5 $1 20. Qc3 (20. Bxa7 Nxc4 21. Qb4 Nxb2 $15) 20... Qf5 21. Re1 (21. Bxa7 Nc6 22. Nd4 (22. Bd4 $2 Nxd4 23. Nxd4 Qe4 $19) 22... Nxa7 23. Nxf5 Bxc3 24. Nxd6 Bxb2 $17) (21. Rd1 $16) 21... Rc8 $1 $11 22. Nd2 (22. Bxa7 $2 Nd3 (22... Nxc4 23. Nd4 $11) 23. Qa5 Nxe1 (23... Bxb2 24. Rf1 $15) 24. Qxe1 Bxb2 $19) 22... Nd3 23. Re4 Nxf2 $1 24. Re1 $1 Ng4 $1 25. h3 Ne5 (25... Qf4 $5 26. Nf3 Bxd4+ 27. Qxd4 Qxd4+ (27... Rxc4 28. Re8#) 28. Nxd4 Rxc4 $11) 26. b3 Qd3 (26... Qf4 {is interesting.} 27. Rf1 Qg5 28. Nf3 Nxf3+ 29. Rxf3 Bxd4+ 30. Qxd4 Re8) 27. Re3 Qxc3 28. Bxc3 f5 29. Kf1 Kf7 30. Nf3 Nxf3 31. gxf3 f4 32. Rd3 Bxc3 33. Rxc3 Kf6 34. Rd3 Re8 35. Kf2 Kg5 36. b4 ({White should try} 36. Rd2 $11) 36... b6 $15 37. Ra3 {[%emt 0:01:34] [#]} ({White should play} 37. a3 $15) 37... Re7 $1 $17 38. c5 bxc5 ({Resist} 38... dxc5 39. bxc5 bxc5 40. Ra5 $15) 39. bxc5 dxc5 40. Ra5 Rb7 (40... Re5 $17 41. d6 Rd5 42. Rxa7 Rxd6 43. Rxh7 Rd2+ 44. Kf1 Kf6 (44... Rxa2 45. h4+ Kf6 46. h5 $11)) 41. Rxc5 $11 Rb2+ 42. Ke1 Kf6 (42... Rxa2 $2 {loses.} 43. d6+ Kf6 44. Rd5 Ra1+ 45. Kd2 $18) 43. Ra5 Rh2 44. d6 Ke6 45. Rxa7 1/2-1/2